 Dungeon Crawl Stone Soup version 0.23.2 (webtiles) character file.

Game seed: 12403540958468021537

866 sagitran the Slasher (level 7, 0/49 HPs)
             Began as a Demonspawn Chaos Knight on Mar 31, 2019.
             Was a Plaything of Xom.
             Slain by a gnoll
             ... wielding a +0 spear of flaming
              (1 damage)
             ... on level 6 of the Dungeon.
             The game lasted 00:22:00 (4564 turns).

sagitran the Slasher (Demonspawn Chaos Knight)      Turns: 4564, Time: 00:22:01

Health: 0/49       AC: 10    Str: 12    XL:     7   Next: 72%
Magic:  8/8        EV: 12    Int: 22    God:    Xom [.*....]
Gold:   241        SH:  0    Dex: 10    Spells: 5/7 levels left

rFire    . . .     SeeInvis .   a - +0 falchion (chaos)
rCold    . . .     Gourm    .   (no shield)
rNeg     . . .     Faith    .   b - +2 leather armour
rPois    .         Spirit   .   o - +0 helmet
rElec    .         Reflect  .   (no cloak)
rCorr    .         Harm     .   (no gloves)
MR       .....                  (no boots)
Stlth    +++.......             r - amulet of the acrobat
HPRegen  0.16/turn              f - +3 ring of intelligence
MPRegen  0.11/turn              i - +4 ring of protection

@: brilliant, cleaving, slowed, very slow
A: claws 2, hooves 1, clumsy 1, frail 1, nightstalker 1, weak 1
a: Renounce Religion


You were on level 6 of the Dungeon.
You worshipped Xom.
You were a plaything of Xom.
You were not hungry.

You visited 1 branch of the dungeon, and saw 6 of its levels.

You collected 241 gold pieces.

Inventory:

Hand Weapons
 a - a +0 falchion of chaos (weapon)
 d - a +0 dagger
Armour
 b - a +2 leather armour (worn)
 o - a +0 helmet (worn)
 q - a +0 robe
Jewellery
 f - a +3 ring of intelligence (left claw)
 i - a +4 ring of protection (right claw)
 l - an uncursed amulet of the gourmand
 r - an amulet of the acrobat (around neck)
Wands
 n - a wand of polymorph (4)
 t - a wand of iceblast (3)
Scrolls
 e - 4 scrolls of fear
 g - 4 scrolls of remove curse
 k - a scroll of amnesia
 p - 2 scrolls of magic mapping {unknown}
Potions
 h - a potion of flight
 j - 2 potions of resistance
 m - 2 potions of haste
 s - 2 potions of might
Comestibles
 c - 15 rations


   Skills:
 + Level 4.4 Fighting
 + Level 5.8 Long Blades
 + Level 3.0 Armour
 + Level 2.6 Dodging
 + Level 3.4 Stealth
 + Level 0.9 Spellcasting
 + Level 1.0 Summonings


You had 5 spell levels left.
You knew the following spells:

 Your Spells              Type           Power        Failure   Level  Hunger
a - Animate Skeleton      Necr           N/A          2%          1    ##.....
b - Summon Small Mammal   Summ           ###.         1%          1    ##.....

Your spell library contained the following spells:

 Spells                   Type           Power        Failure   Level  Hunger
 Apportation              Tloc           ##....       2%          1    ##.....
 Confusing Touch          Hex            ##....       2%          1    ##.....


Dungeon Overview and Level Annotations

Branches:
Dungeon (6/15)             Temple (0/1) D:4

Altars:
Elyvilon
Hepliaklqana
Makhleb
Nemelex Xobeh
Qazlal
Uskayaw


Innate Abilities, Weirdness & Mutations

You have very sharp fingernails.
You have large cloven feet.
You are slightly more attuned to the shadows.
You are clumsy. (Dex -2)
You are frail. (-10% HP)
You are weak. (Str -2)


Message History

You feel a bit more experienced. The orc wizard casts a spell at you.
The magic dart hits you. The gnoll hits you but does no damage.
The orc wizard points at you and mumbles some strange words.
The magic dart hits you.
* * * LOW HITPOINT WARNING * * *
It was a potion of brilliance.
You feel clever all of a sudden.
Xom roars with laughter!
The gnoll hits you from afar with a +0 spear of flaming!
* * * LOW HITPOINT WARNING * * *
The gnoll burns you.
* * * LOW HITPOINT WARNING * * *
The orc wizard hits you but does no damage.
The phantom hits you but does no damage.
The gnoll hits you from afar with a +0 spear of flaming.
* * * LOW HITPOINT WARNING * * *
The gnoll burns you.
You die...
Xom chuckles heartily!

##............
...............
...............
.................
.................
.................
......@o...(....
.....)W)g.....##
...#...........#.
.# #.............
##...........$
#.............
#.....##........
............#.....
#..8.##.....##....


You could see a phantom, an orc wizard and a gnoll.

Vanquished Creatures
  An ogre (D:5)
  2 scorpions (D:5)
  2 crimson imps
  2 bullfrog skeletons
  4 hounds
  2 orc wizards (D:5)
  An orc priest (D:6)
  2 iguanas
  Ijyb (D:5)
  2 worker ants
  2 gnolls (D:1)
  3 adders
  A shadow imp (D:5)
  2 oozes (D:2)
  2 worms
  3 dart slugs
  3 leopard geckos
  12 orcs
  7 giant cockroaches
  5 goblins
  7 hobgoblins
  5 jackals (D:1)
  A ball python (D:3)
  12 bats
  7 frilled lizards
  9 kobolds
  A leopard gecko skeleton (D:6)
  2 quokka skeletons (D:4)
  9 rats
112 creatures vanquished.

Vanquished Creatures (collateral kills)
  A centaur (D:5)
  A leopard gecko (D:4)
2 creatures vanquished.

Vanquished Creatures (others)
  An iguana (D:4)
1 creature vanquished.

Grand Total: 115 creatures vanquished

Notes
Turn   | Place    | Note
-------+----------+-------------------------------------------
     0 | D:1      | sagitran the Demonspawn Chaos Knight began the quest for
                  | the Orb.
     0 | D:1      | Reached XP level 1. HP: 18/18 MP: 1/1
   120 | D:1      | Xom revived you
   122 | D:1      | Reached skill level 3 in Long Blades
   122 | D:1      | Gained mutation: You have large cloven feet. [demonic
                  | ancestry]
   122 | D:1      | Reached XP level 2. HP: 5/24 MP: 2/2
   254 | D:1      | XOM: divination: detect creatures
   270 | D:1      | Gained mutation: You have sharp fingernails. [demonic
                  | ancestry]
   270 | D:1      | Reached XP level 3. HP: 20/29 MP: 3/3
   526 | D:1      | XOM: harmless Conj miscast
   721 | D:2      | Reached skill level 1 in Dodging
   758 | D:2      | Gained mutation: You are slightly more attuned to the
                  | shadows. [demonic ancestry]
   758 | D:2      | Reached XP level 4. HP: 32/37 MP: 4/4
  1116 | D:2      | XOM: silly message
  1375 | D:2      | XOM: harmless Erth miscast
  1440 | D:2      | Found a stormy altar of Qazlal.
  1589 | D:2      | XOM: harmless Erth miscast
  1770 | D:3      | XOM: harmless Hex miscast
  1781 | D:3      | XOM: divination: detect items
  1884 | D:3      | XOM: harmless Conj miscast
  1979 | D:3      | Found a sparkling altar of Nemelex Xobeh.
  2283 | D:3      | Reached XP level 5. HP: 37/42 MP: 5/5
  2557 | D:4      | Reached skill level 4 in Long Blades
  2557 | D:4      | Reached skill level 1 in Stealth
  2668 | D:4      | Found a hazy altar of Hepliaklqana.
  2668 | D:4      | Found a white marble altar of Elyvilon.
  2674 | D:4      | Found a burning altar of Makhleb.
  2675 | D:4      | Found a stormy altar of Qazlal.
  2694 | D:4      | Found a staircase to the Ecumenical Temple.
  2700 | D:4      | XOM: mild Hex miscast
  2865 | D:4      | XOM: god gift: robe {god gift}
  2981 | D:4      | Found a hide-covered altar of Uskayaw.
  3099 | D:4      | XOM: mild Necr miscast
  3126 | D:4      | Gained mutation: You have very sharp fingernails. [demonic
                  | ancestry]
  3126 | D:4      | Reached XP level 6. HP: 25/48 MP: 6/6
  3431 | D:5      | Entered Level 5 of the Dungeon
  3484 | D:5      | XOM: harmless Pois miscast
  3488 | D:5      | Noticed Ijyb
  3496 | D:5      | Killed Ijyb
  3523 | D:5      | Learned a level 1 spell: Animate Skeleton
  3525 | D:5      | Learned a level 1 spell: Summon Small Mammal
  3714 | D:5      | XOM: 2-stop teleportation journey
  3725 | D:5      | Reached skill level 5 in Long Blades
  3726 | D:5      | XOM: cloud trail
  3785 | D:5      | XOM: cast spell 'Summon Mana Viper'
  3787 | D:5      | Reached XP level 7. HP: 42/54 MP: 7/7
  4050 | D:5      | XOM: cast spell 'Alistair's Intoxication'
  4097 | D:5      | XOM: harmless Ice miscast
  4379 | D:5      | XOM: give mutations
  4379 | D:5      | Gained mutation: Armour fits poorly on your strangely
                  | shaped body. [Xom's mischief]
  4379 | D:5      | Gained mutation: You are clumsy. (Dex -2) [Xom's mischief]
  4379 | D:5      | Lost mutation: Armour fits poorly on your strangely shaped
                  | body. [Xom's mischief]
  4399 | D:5      | XOM: medium Tmut miscast
  4508 | D:5      | XOM: give mutations
  4508 | D:5      | Gained mutation: You are weak. (Str -2) [Xom's mischief]
  4508 | D:5      | Gained mutation: You are frail. (-10% HP) [Xom's mischief]
  4508 | D:5      | Gained mutation: You are very clumsy. (Dex -4) [Xom's
                  | mischief]
  4508 | D:5      | Lost mutation: You are very clumsy. (Dex -4) [Xom's
                  | mischief]
  4538 | D:6      | XOM: noise
  4547 | D:6      | XOM: harmless Conj miscast
  4552 | D:6      | XOM: cleaving
  4562 | D:6      | Reached skill level 1 in Summonings
  4564 | D:6      | HP: 1/49 [gnoll/+0 spear of flaming (2)]
  4564 | D:6      | Slain by a gnoll

Skill      XL: |  1  2  3  4  5  6  7 |
---------------+----------------------+-----
Long Blades    | 3 4 5 |  5.8
Armour         | 2 3 |  3.0
Dodging        | 1 2 |  2.6
Fighting       | 4 |  4.4
Stealth        | 2 3 |  3.4
Summonings     | 1 |  1.0
Spellcasting   | |  0.9

Action                   |  1- 3 |  4- 6 |  7- 9 || total
-------------------------+-------+-------+-------++-------
Melee: Falchion          |    80 |   168 |    56 ||   304
       Kick              |    22 |    48 |    20 ||    90
 Cast: Summon Small Mamm |       |       |     5 ||     5
  Use: Potion            |     1 |       |     1 ||     2
       Scroll            |     1 |     8 |       ||     9
 Stab: Petrifying        |     2 |       |       ||     2
       Sleeping          |     1 |     9 |       ||    10
       Paralysed         |       |     6 |       ||     6
  Eat: Chunk             |       |     7 |       ||     7
       Ration            |       |     1 |     1 ||     2
Armor: Leather armour    |    30 |    80 |    44 ||   154
Dodge: Dodged            |    52 |   142 |    47 ||   241
       Rpst.: Falchion   |    19 |    40 |    10 ||    69
